 Dungeon Crawl Stone Soup version 0.19.1-1-g22dce08 (webtiles) character file.

567 paradoxae the Sneak (level 7, -12/49 HPs)
             Began as a Vampire Enchanter on Jan 6, 2017.
             Killed from afar by a steam dragon (21 damage)
             ... with a ball of steam
             ... on level 5 of the Dungeon.
             The game lasted 00:31:22 (5804 turns).

paradoxae the Sneak (Vampire Enchanter)             Turns: 5804, Time: 00:31:22

Health: -12/49     AC:  5    Str:  7    XL:     7   Next: 11%
Magic:  0/11       EV: 14    Int: 19    God:
Gold:   228        SH:  0    Dex: 15    Spells: 4 memorised, 3 levels left

rFire  . . .     SeeInvis +     a - +1 dagger
rCold  + . .     Gourm    .     b - +1 robe
rNeg   + + .     Faith    .     (no shield)
rPois  +         Spirit   +     n - +0 helmet
rElec  .         Reflect  .     (no cloak)
rCorr  .         Harm     .     (no gloves)
MR     +....                    y - +0 pair of boots
Stlth  ++++......               E - amulet of guardian spirit
                                (no ring)
                                G - ring of protection from magic

@: regenerating slowly
A: fangs 3, see invisible, unbreathing
a: Bat Form


You were on level 5 of the Dungeon.
You were near bloodless.

You visited 1 branch of the dungeon, and saw 5 of its levels.

You collected 228 gold pieces.

Inventory:

Hand Weapons
 a - a +1 dagger (weapon)
Missiles
 w - 5 javelins (quivered)
 x - 3 tomahawks
Armour
 b - a +1 robe (worn)
 f - a +0 ring mail
 n - a +0 helmet (worn)
 y - a +0 pair of boots (worn)
Jewellery
 E - an amulet of guardian spirit (around neck)
 G - a ring of protection from magic (left hand)
Wands
 z - a wand of teleportation (2/9)
 B - a wand of flame (25/48)
 C - a wand of flame (20/48)
 F - a wand of disintegration (16/24)
Scrolls
 e - 3 scrolls of identify {unknown}
 g - a scroll of fog {unknown}
 i - 2 scrolls of remove curse {unknown}
 k - a scroll of amnesia {unknown}
 l - 2 scrolls of magic mapping {unknown}
 s - a scroll of enchant armour {unknown}
 t - a scroll of enchant weapon {unknown}
Potions
 d - 2 potions of might
 h - a potion of invisibility {unknown}
 j - 3 potions of degeneration {unknown}
 m - a potion of agility {unknown}
 o - a potion of mutation {unknown}
 p - 2 potions of brilliance {unknown}
 q - 6 potions of blood
 r - a potion of flight {unknown}
 u - a potion of heal wounds {unknown}
 v - a potion of ambrosia {unknown}
 A - a potion of cancellation {unknown}
 D - a potion of berserk rage {unknown}
Books
 c - a book of Maledictions

   Spells                             Type                      Level
   a - Corona                         Hexes                        1
   b - Ensorcelled Hibernation        Hexes/Ice                    2
   c - Confuse                        Hexes                        3
   d - Tukima's Dance                 Hexes                        3
   e - Dazzling Spray                 Conjuration/Hexes            3


   Skills:
 + Level 1.9 Fighting
 + Level 2.5 Short Blades
 + Level 2.0 Armour
 + Level 3.8 Dodging
 + Level 6.2 Stealth
 + Level 3.0 Spellcasting
 + Level 5.5 Hexes
 + Level 2.5 Ice Magic
 + Level 0.8 Evocations


You had 3 spell levels left.
You knew the following spells:

 Your Spells              Type           Power        Failure   Level  Hunger
a - Corona                Hex            ###....      1%          1    None
c - Confuse               Hex            ###.....     6%          3    ###....
d - Dazzling Spray        Conj/Hex       ##....       14%         3    ###....
z - Ensorcelled Hibernat  Hex/Ice        ###...       6%          2    ##.....


Dungeon Overview and Level Annotations

Branches:
Dungeon (5/15)
 Temple: D:4-7

Altars:
Ashenzari
Dithmenos
Gozag
Kikubaaqudgha
Zin
The Shining One

Annotations:
D:5 7 exclusions


Innate Abilities, Weirdness & Mutations

You heal slowly.
You have razor-sharp teeth.
You have supernaturally acute eyesight. (SInv)
You can survive without breathing.


Message History

You are engulfed in a cloud of scalding steam.
The steam dragon barely misses you. The steam dragon claws you.
The helpless steam dragon fails to defend itself.
You bite the steam dragon, and draw its blood!
You feel better.
You feel slightly less thirsty.
You impale the steam dragon!!
The steam dragon is almost dead.
You are engulfed in a cloud of scalding steam.
The steam dragon breathes steam at you. The ball of steam misses you.
The steam dragon breathes steam at you. The ball of steam hits you!
* * * LOW HITPOINT WARNING * * *
You don't have enough magic at the moment.
Unknown command.
You don't have enough magic at the moment.
Really walk into that cloud of steam?
You are engulfed in a cloud of scalding steam.
The steam dragon breathes steam at you. The ball of steam hits you!
You die...

..#....#.......#^..#
#.#....##......#≈..#
#.#....##......#P.≈#
..#....##......#.^##
..#....##......#..#
...#+####.....##.≈#
......# #.....#.§^#
⌠.....# #######≈§.#
......# #§@≈#
......# #.§.#
##...###


#PDD# .......# #P.≈# .......# #≈P.P≈# ....>..# #≈..PP.# .......# .^....^P#
.......# #≈≈..[..P# ######## ##.....≈P# You could see 2 steam dragons.

Vanquished Creatures
  A sky beast (D:5)
  An ogre (D:5)
  A howler monkey (D:5)
  A centaur skeleton (D:4)
  2 hounds (D:4)
  4 worker ants
  2 hound skeletons (D:5)
  5 adders
  An adder skeleton (D:4)
  2 worms
  2 dart slugs
  2 leopard geckos
  10 orcs
  A ball python (D:1)
  10 bats
  6 giant cockroaches
  6 hobgoblins
  6 jackals
  2 quokkas
  10 frilled lizards
  2 goblins
  5 kobolds
  5 rats
87 creatures vanquished.

Notes
Turn   | Place    | Note
-------+----------+-------------------------------------------
     0 | D:1      | paradoxae the Vampire Enchanter began the quest for the Orb.
     0 | D:1      | Reached XP level 1. HP: 13/13 MP: 3/3
   315 | D:1      | Reached XP level 2. HP: 19/19 MP: 5/5
   319 | D:1      | Learned a level 2 spell: Ensorcelled Hibernation
   770 | D:1      | Reached XP level 3. HP: 25/25 MP: 3/6
  1176 | D:2      | Found a shattered altar of Ashenzari.
  1495 | D:2      | Reached skill level 5 in Stealth
  1717 | D:3      | Reached skill level 1 in Armour
  1779 | D:3      | Reached XP level 4. HP: 31/31 MP: 4/7
  2042 | D:3      | Learned a level 3 spell: Confuse
  2430 | D:3      | Reached skill level 1 in Ice Magic
  2486 | D:3      | Found a glowing golden altar of the Shining One.
  3034 | D:4      | Reached XP level 5. HP: 32/36 MP: 8/8
  3180 | D:4      | Reached skill level 1 in Fighting
  3410 | D:4      | Found a faded altar of an unknown god.
  3410 | D:4      | Found an ancient bone altar of Kikubaaqudgha.
  3415 | D:4      | Found a glowing silver altar of Zin.
  3416 | D:4      | Reached skill level 5 in Hexes
  3428 | D:4      | Found an opulent altar of Gozag.
  3429 | D:4      | Found a faded altar of an unknown god.
  4339 | D:5      | Entered Level 5 of the Dungeon
  4380 | D:5      | Reached XP level 6. HP: 43/43 MP: 7/10
  4385 | D:5      | Learned a level 3 spell: Dazzling Spray
  4607 | D:5      | Found a shadowy altar of Dithmenos.
  4782 | D:5      | Reached skill level 6 in Stealth
  4952 | D:5      | Noticed a sky beast
  5277 | D:5      | Killed a sky beast
  5277 | D:5      | Reached XP level 7. HP: 42/49 MP: 2/11
  5784 | D:5      | Noticed a steam dragon
  5786 | D:5      | Noticed a steam dragon
  5804 | D:5      | Killed from afar by a steam dragon

Skill      XL: |  1  2  3  4  5  6 |
---------------+-------------------+-----
Stealth        | 5 6 |  6.2
Armour         | 1 2 |  2.0
Dodging        | 3 |  3.8
Ice Magic      | 1 2 |  2.5
Fighting       | 1 |  1.9
Hexes          | 5 |  5.5
Short Blades   | 2 |  2.5
Spellcasting   | 3 |  3.0
Evocations     | |  0.8

Action                   |  1- 3 |  4- 6 |  7- 9 || total
-------------------------+-------+-------+-------++-------
Melee: Dagger            |   114 |   149 |    10 ||   273
       Bite              |     9 |    11 |       ||    20
Throw: Tomahawk          |       |     3 |       ||     3
 Cast: Ensorcelled Hiber |    13 |    55 |     3 ||    71
       Confuse           |       |     5 |       ||     5
 Abil: End Transformatio |       |     2 |       ||     2
       Bat Form          |       |     2 |       ||     2
  Use: Potion            |     1 |     7 |       ||     8
 Stab: Sleeping          |    22 |    32 |     3 ||    57
       Confused          |       |     1 |       ||     1
Armor: Robe              |    37 |    47 |     3 ||    87
Dodge: Dodged            |    96 |   119 |    11 ||   226
